 Dungeon Crawl Stone Soup version 0.30.1-4-g462c640d31 (webtiles) character file.

Game seed: 7107780435100211795

49622 Shake04 the Brawler (level 14, -2/148 HPs)
             Began as a Troll Berserker on Aug 17, 2023.
             Was a High Priest of Trog.
             Slain by a four-headed hydra (8 damage)
             ... on level 4 of the Lair of Beasts.
             The game lasted 01:15:58 (15983 turns).

Shake04 the Brawler (Troll Berserker)              Turns: 15983, Time: 01:16:01

Health: -2/148     AC: 13    Str: 30    XL:     14   Next: 16%
Magic:  13/13      EV: 13    Int:  5    God:    Trog [*****.]
Gold:   344        SH:  0    Dex: 15    Spells: 13/13 levels left

rFire   . .          .
                       - Unarmed
rCold   . . .        (no shield)
rNeg    . . .        I - +1 swamp dragon scales
rPois   +            (helmet restricted)
rElec   .            f - +0 cloak
rCorr   .            (gloves unavailable)
SInv    .            (boots unavailable)
Will    +....        (no amulet)
Stlth   +            j - +6 ring of dexterity
HPRegen 1.24/turn    e - ring of poison resistance
MPRegen 0.13/turn

%: no passive effects
@: about to teleport, studying Fighting
A: large, unfitting armour, claws 3, regeneration 1, shaggy fur 1, tough skin 1
a: Renounce Religion, Berserk, Trog's Hand, Brothers in Arms


You were on level 4 of the Lair of Beasts.
You worshipped Trog.
Trog was extremely pleased with you.
You visited 4 branches of the dungeon, and saw 18 of its levels.
You also visited: Bailey.

You collected 1500 gold pieces.
You spent 1156 gold pieces at shops.

Inventory:

Missiles
 d - 37 poisoned darts
 z - 28 boomerangs
 F - 8 large rocks
 N - 30 javelins
Armour
 f - a +0 cloak (worn)
 I - +1 swamp dragon scales (worn)
 Q - a +2 robe of willpower
Jewellery
 e - a ring of poison resistance (right claw)
 j - a +6 ring of dexterity (left claw)
 A - a +6 ring of intelligence
 D - a ring of willpower
 O - a ring of ice
Wands
 i - a wand of mindburst (30)
 E - a wand of acid (4)
 H - a wand of paralysis (4)
 J - a wand of flame (8) (quivered)
 P - a wand of polymorph (1)
 W - a wand of digging (7)
Scrolls
 a - 3 scrolls of fear
 m - 3 scrolls of immolation
 o - 9 scrolls of teleportation
 p - a scroll of noise
 q - 2 scrolls of blinking
 r - a scroll of enchant weapon {unknown}
 s - 3 scrolls of fog {unknown}
 t - 4 scrolls of enchant armour
 w - a scroll of brand weapon
 y - 8 scrolls of magic mapping
 C - 3 scrolls of butterflies {unknown}
 G - 2 scrolls of poison
 K - a scroll of amnesia
 T - a scroll of vulnerability {unknown}
 U - 2 scrolls of identify
Potions
 b - a potion of heal wounds
 c - 3 potions of mutation
 g - 2 potions of resistance {unknown}
 h - 11 potions of curing
 k - 7 potions of flight
 l - 4 potions of attraction
 n - 3 potions of brilliance
 u - a potion of magic {unknown}
 v - 3 potions of berserk rage {unknown}
 x - 6 potions of lignification
 B - 3 potions of degeneration {unknown}
 L - 2 potions of invisibility
 M - a potion of cancellation {unknown}
 R - a potion of might
 S - a potion of ambrosia {unknown}
 V - a potion of haste {unknown}


   Skills:
 + Level 11.9 Fighting
 + Level 5.8 Throwing
 - Level 8.0 Armour
 - Level 9.0 Dodging
 - Level 0.6 Stealth
 + Level 15.0 Unarmed Combat
 + Level 4.7 Evocations


You had 13 spell levels left.
You didn't know any spells.
Your spell library was empty.

Dungeon Overview and Level Annotations

Branches:
Dungeon (11/15)            Temple (1/1) D:5            Lair (4/5) D:11
 Shoals (0/4) Lair:2        Snake (0/4) Lair:2        Slime (0/5) Lair:4
    Orc (2/2) D:9             Elf (0/3) Orc:2        Bailey (visited)

Altars:
Ashenzari
Cheibriados
Dithmenos
Elyvilon
Fedhas
Gozag
Hepliaklqana
Kikubaaqudgha
Makhleb
Nemelex Xobeh
Okawaru
Qazlal
Ru
Sif Muna
Trog
Uskayaw
Vehumet
Wu Jian
Xom
Yredelemnul
Zin
The Shining One
Jiyva

Shops:
D:10 *   Orc:1 [(**:   Orc:2 !*[![!=!*


Innate Abilities, Weirdness & Mutations

You are too large for most types of armour.
You have claws for hands.
Your natural rate of healing is unusually fast.
You are covered in fur. (AC +1)
You have tough skin. (AC +1)


Message History

The four-headed hydra attacks as you move away!
The four-headed hydra closely misses you.
The four-headed hydra barely misses you.
The four-headed hydra bites you!
* * * LOW HITPOINT WARNING * * *
The four-headed hydra bites you.
* * * LOW HITPOINT WARNING * * *
You feel much better.
The four-headed hydra barely misses you.
The four-headed hydra bites you! The four-headed hydra bites you.
* * * LOW HITPOINT WARNING * * *
The four-headed hydra bites you!
* * * LOW HITPOINT WARNING * * *
Aiming: Throw Flame
Press: ? - help, Q - select action, (/) - cycle Shift-Dir - straight line, f - black mamba, p - four-headed hydra
Aim: a black mamba (57% to hit)
The puff of flame hits the four-headed hydra.
The four-headed hydra is moderately wounded.
The four-headed hydra completely misses you.
The four-headed hydra bites you!
* * * LOW HITPOINT WARNING * * *
The four-headed hydra bites you but does no damage.
The four-headed hydra closely misses you.
The komodo dragon attacks as you move away!
The komodo dragon barely misses you.
The four-headed hydra attacks as you move away!
The four-headed hydra bites you!
* * * LOW HITPOINT WARNING * * *
The four-headed hydra closely misses you.
The four-headed hydra bites you.
* * * LOW HITPOINT WARNING * * *
The four-headed hydra bites you but does no damage.
As you read the scroll of teleportation, it crumbles to dust.
You feel strangely unstable. The komodo dragon barely misses you.
The four-headed hydra bites you!
* * * LOW HITPOINT WARNING * * *
The four-headed hydra closely misses you.
The four-headed hydra bites you but does no damage.
The four-headed hydra bites you!
You die...

#..# ##..#####.#
##..)#.##...#[.
#...#.###.##.#
#....lS....#
##..###'###.###
#...#P.S..#...# ##
#..S#.###.#..## .##.
###lD#.#}#.#.## #...#
#...@#.#+#.#..##.#...
##...#P. .P#.#...)###
##..#######.##.##...
.... .............
##... #.#P..##.P...
##... .............
###. .............
...............
.............


You could see a four-headed hydra, a komodo dragon and a black mamba.

Vanquished Creatures
  Rupert (Orc:2)
  An orc warlord (Orc:1)
  The ghost of Esekla the Eclecticist, a journeyman DENe of Vehumet (Lair:3)
  2 hydras
  3 ogre magi (Orc:2)
  2 two-headed ogres
  A boulder beetle (D:10)
  2 death yaks (Lair:2)
  Nergalle (Orc:2)
  A skyshark (Lair:3)
  An orc knight (Orc:2)
  Pikel (D:6)
  6 orc sorcerers
  4 elephants (Lair:3)
  2 torpor snails
  4 black mambas
  9 cane toads
  Maggie (D:8)
  2 rime drakes
  5 komodo dragons
  A polar bear (D:11)
  A hornet (D:9)
  Grinder (D:4)
  2 trolls
  6 dream sheep
  Sigmund (D:6)
  15 yaks
  A shadow (D:8)
  4 wraiths
  A basilisk (Lair:3)
  2 vampire mosquitoes (D:11)
  2 wyverns
  2 steam dragons
  4 wargs
  3 nagas (Lair:2)
  11 water moccasins
  8 ice beasts
  4 black bears
  28 orc warriors
  4 ogres
  12 wolves
  15 centaurs
  3 lemures (D:5)
  2 kobold brigands (D:10)
  13 bullfrogs
  6 scorpions
  19 wights
  3 howler monkeys (D:10)
  3 hounds
  A jelly (D:5)
  15 orc priests
  2 sleepcaps
  26 orc wizards
  6 gnolls
  4 adders
  A white imp (D:7)
  2 ufetubi
  2 dart slugs
  84 orcs
  9 endoplasms
  5 giant cockroaches
  21 goblins
  15 hobgoblins
  10 jackals
  A quokka (D:4)
  6 ball pythons
  5 bats
  3 frilled lizards
  17 kobolds
  2 rats (D:3)
464 creatures vanquished.

Vanquished Creatures (collateral kills)
  An orc sorcerer (Orc:2)
  A yak (Lair:2)
  2 orc wizards (Orc:2)
  2 orcs (Orc:2)
6 creatures vanquished.

Vanquished Creatures (others)
  A centaur (Bailey)
  An orc wizard (Orc:2)
2 creatures vanquished.

Grand Total: 472 creatures vanquished

Notes
Turn   | Place    | Note
-------+----------+-------------------------------------------
     0 | D:1      | Shake04 the Troll Berserker began the quest for the Orb.
     0 | D:1      | Reached XP level 1. HP: 22/22 MP: 0/0
   317 | D:1      | You fall into a shaft and drop 1 floor!
   330 | D:2      | Reached XP level 2. HP: 27/29 MP: 1/1
   387 | D:2      | Reached XP level 3. HP: 19/36 MP: 2/2
   397 | D:2      | Reached XP level 4. HP: 16/45 MP: 3/3
   402 | D:2      | Reached skill level 4 in Unarmed Combat
   856 | D:1      | Reached ** piety under Trog
  1268 | D:2      | Reached XP level 5. HP: 52/53 MP: 4/4
  1778 | D:3      | Found a burning altar of Makhleb.
  2489 | D:4      | Reached skill level 5 in Unarmed Combat
  2577 | D:4      | Noticed Grinder
  2604 | D:4      | Killed Grinder
  2605 | D:4      | Reached XP level 6. HP: 61/61 MP: 5/5
  2632 | D:4      | Reached skill level 6 in Unarmed Combat
  2983 | D:4      | Reached *** piety under Trog
  3339 | D:4      | Reached XP level 7. HP: 67/67 MP: 6/6
  3840 | D:5      | Entered Level 5 of the Dungeon
  4213 | D:5      | Reached skill level 1 in Armour
  4409 | D:5      | Found a staircase to the Ecumenical Temple.
  4416 | Temple   | Entered the Ecumenical Temple
  4831 | D:5      | Reached skill level 7 in Unarmed Combat
  5041 | D:5      | Identified the +0 leather armour "Pueg" {Harm rElec Slay-3}
  5175 | D:6      | Reached XP level 8. HP: 78/78 MP: 7/7
  5179 | D:6      | Noticed Pikel
  5211 | D:6      | Killed Pikel
  5296 | D:6      | Found an ancient bone altar of Kikubaaqudgha.
  5296 | D:6      | Found a shadowy altar of Dithmenos.
  5304 | D:6      | Found a glowing silver altar of Zin.
  5331 | D:6      | Reached skill level 8 in Unarmed Combat
  5583 | D:6      | Reached skill level 5 in Dodging
  5708 | D:6      | Noticed Sigmund
  5715 | D:6      | Killed Sigmund
  5716 | D:6      | Reached XP level 9. HP: 87/87 MP: 8/8
  5917 | D:7      | Reached skill level 5 in Fighting
  6140 | D:7      | Reached skill level 9 in Unarmed Combat
  6570 | D:8      | Noticed Maggie
  6774 | D:8      | Killed Maggie
  6825 | D:8      | Reached skill level 10 in Unarmed Combat
  6914 | D:8      | Reached XP level 10. HP: 98/98 MP: 9/9
  6933 | D:8      | Reached **** piety under Trog
  7273 | D:8      | Found a shimmering altar of Xom.
  7637 | D:9      | Reached skill level 5 in Armour
  7775 | D:9      | Reached skill level 11 in Unarmed Combat
  7988 | D:9      | Found a staircase to the Orcish Mines.
  8111 | D:10     | Entered Level 10 of the Dungeon
  8111 | D:10     | Found a flagged portal.
  8131 | D:10     | Noticed a two-headed ogre
  8167 | Bailey   | Entered a bailey
  8424 | Bailey   | Reached XP level 11. HP: 107/107 MP: 10/10
  8581 | Bailey   | HP: 4/107 [centaur/javelin (12)]
  9085 | D:10     | Killed a two-headed ogre
  9183 | D:10     | Found Otoryurch's Demolitions Depot.
  9240 | D:10     | Noticed a boulder beetle
  9267 | D:10     | Killed a boulder beetle
  9268 | D:10     | Reached skill level 12 in Unarmed Combat
  9385 | D:10     | Found a glowing golden altar of the Shining One.
  9990 | D:11     | Found a staircase to the Lair.
 10348 | D:11     | Reached skill level 13 in Unarmed Combat
 10348 | D:11     | Reached XP level 12. HP: 121/123 MP: 11/11
 10574 | D:11     | Found a stormy altar of Qazlal.
 10740 | Orc:1    | Entered Level 1 of the Orcish Mines
 10770 | Orc:1    | Found Luky's Antique Armour Shoppe.
 10872 | Orc:1    | Found Hyjoec's Antique Weapon Emporium.
 10872 | Orc:1    | Found Lischud's Assorted Antiques.
 10950 | Orc:1    | Reached skill level 1 in Throwing
 10955 | Orc:1    | Reached ***** piety under Trog
 10990 | Orc:1    | Noticed an orc warlord
 11008 | Orc:1    | Killed an orc warlord
 11025 | Orc:1    | Reached skill level 1 in Evocations
 11130 | Orc:1    | Found Vigazuog's Book Shop.
 11212 | Orc:1    | Found Okhlutele's Assorted Antiques.
 11218 | Orc:1    | Bought 2 potions of curing for 168 gold pieces
 11218 | Orc:1    | Bought a sedimented purple potion for 25 gold pieces
 11218 | Orc:1    | Bought 2 scrolls labelled NUUX WURPHU for 56 gold pieces
 11218 | Orc:1    | Bought a sedimented purple potion for 25 gold pieces
 11218 | Orc:1    | Bought a short bone wand for 112 gold pieces
 11751 | Orc:2    | Entered Level 2 of the Orcish Mines
 11779 | Orc:2    | Found a radiant altar of Vehumet.
 11801 | Orc:2    | Found a staircase to the Elven Halls.
 11828 | Orc:2    | Found Onkamiov's Assorted Antiques.
 11864 | Orc:2    | Bought a fuming black potion for 35 gold pieces
 11864 | Orc:2    | Bought a scroll of enchant armour for 292 gold pieces
 11864 | Orc:2    | Bought a scroll of identify for 78 gold pieces
 11864 | Orc:2    | Bought a fuming yellow potion for 35 gold pieces
 11864 | Orc:2    | Bought a scroll labelled QEPUORUGUA for 39 gold pieces
 11952 | Orc:2    | Found Inoke's Distillery.
 12059 | Orc:2    | Bought a potion of lignification for 51 gold pieces
 12059 | Orc:2    | Bought a potion of invisibility for 136 gold pieces
 12083 | Orc:2    | Noticed a two-headed ogre
 12101 | Orc:2    | Killed a two-headed ogre
 12102 | Orc:2    | Reached XP level 13. HP: 133/133 MP: 12/12
 12125 | Orc:2    | Found Nytooc's Antique Armour Shoppe.
 12132 | Orc:2    | Found Jaele's Assorted Antiques.
 12140 | Orc:2    | Bought a bone wand for 104 gold pieces
 12230 | Orc:2    | Reached skill level 10 in Fighting
 12369 | Orc:2    | Found Wouteg's Distillery.
 12472 | Orc:2    | Found Jiziq's Distillery.
 12474 | Orc:2    | Reached skill level 14 in Unarmed Combat
 12560 | Orc:2    | Found a radiant altar of Vehumet.
 12560 | Orc:2    | Noticed Rupert
 12684 | Orc:2    | Killed Rupert
 12750 | Orc:2    | Found an ancient bone altar of Kikubaaqudgha.
 12750 | Orc:2    | Noticed Nergalle
 12762 | Orc:2    | Killed Nergalle
 12783 | Orc:2    | Identified the +6 quarterstaff "Gomuanump" {heavy, *Corrode
                  | Drain rElec rC+++} (Trog gifted it to you on level 2 of the
                  | Orcish Mines)
 12783 | Orc:2    | Received a gift from Trog
 12902 | Orc:2    | Found Nuugum's Distillery.
 12903 | Orc:2    | Found Qefadye's Jewellery Shoppe.
 12914 | Orc:2    | Found Ruet's Antique Armour Shoppe.
 13116 | Lair:1   | Entered Level 1 of the Lair of Beasts
 13928 | Lair:2   | Found a staircase to the Shoals.
 14290 | Lair:2   | Found a staircase to the Snake Pit.
 14741 | Lair:3   | Reached skill level 5 in Throwing
 14786 | Lair:3   | Found a runed translucent door.
 14787 | Lair:3   | Noticed Esekla's ghost (journeyman DENe)
 14816 | Lair:3   | Killed Esekla's ghost
 15232 | Lair:3   | Reached XP level 14. HP: 148/148 MP: 13/13
 15720 | Lair:4   | Found a staircase to the Slime Pits.
 15720 | Lair:4   | Found a viscous altar of Jiyva.
 15911 | Lair:4   | Reached skill level 15 in Unarmed Combat
 15983 | Lair:4   | HP: 6/148 [four-headed hydra (9)]
 15983 | Lair:4   | Slain by a four-headed hydra

Illustrated notes

Levels and vault maps discovered:
D:1:      lightli_iron_boxes, layout_loops_corners, minmay_misc_feat_plants
D:2:      layout_basic
D:3:      layout_basic, mainiacjoe_overflow_chevrons, hangedman_feature_mirror,
          minmay_surrounded
D:4:      corexii_shantytown, layout_basic, uniq_grinder
D:5:      layout_loops_corners, temple_fountains, supply_closet_lemuel,
          kennysheep_small_spiral, serial_park_tiny_2,
          kennysheep_generic_room_10
D:6:      layout_gridville, nicolae_overflow_hidden_temple,
          mainiacjoe_overflow_brackets, nrook_mini_backslash,
          minmay_ogre_servants, uniq_sigmund, uniq_pikel
D:7:      layout_loops_ring, kennysheep_generic_room_3
D:8:      layout_basic, mainiacjoe_overflow_small_starburst, uniq_maggie
D:9:      layout_rooms, david_orc_1_choice, hangedman_abyss_or_decor_lesser_grid
D:10:     layout_layer_cave, mainiacjoe_overflow_concentric_impassable,
          enter_bailey_2, hex_large, nicolae_blasting_shop, moated_statue
D:11:     layout_grid_maze, hellmonk_lair_entry_icy,
          nicolae_qazlal_style_of_elements
Temple:   kb_temple_of_zot
Lair:1:   layout_gridlike
Lair:2:   layout_small_grid, elwin_shoals_entry_rocks,
          guppyfry_snake_entry_island, dreamdust_mushroom_princess,
          small_statue_intersection, chequers_serial_rivers_small_3,
          grunt_forest_small_clearing_treed, infiniplex_staircase_pool_2
Lair:3:   layout_small_grid, hellmonk_ghost_happy_afterlife
Lair:4:   layout_regular_city, slime_entry_1, minmay_shattered_shrine,
          serial_bayou_shore_a
Orc:1:    layout_diamond_mine, serial_shops, shop, nicolae_shop_peninsula, shop,
          shop, nicolae_shop_rolling_square
Orc:2:    kennysheep_orc_mage_school, layout_diamond_mine, basic_altar,
          serial_shops, nicolae_shop_stone, nicolae_shop_tiny_real_fake_doors,
          shop, nicolae_shop_hallway_plus, shop, nicolae_orc_damp_corner,
          uniq_rupert

Skill      XL: |  1  2  3  4  5  6  7  8  9 10 11 12 13 14 |
---------------+-------------------------------------------+-----
Fighting       | 3 4 5 6 9 11 | 11.9
Dodging        | 3 4 5 6 8 9 |  9.0
Unarmed Combat | 4 5 6 7 8 10 11 13 14 15 | 15.0
Armour         | 1 3 4 5 7 8 |  8.0
Throwing       | 2 5 |  5.8
Evocations     | 1 4 |  4.7
Stealth        | |  0.6

Action                     |  1- 3 |  4- 6 |  7- 9 | 10-12 | 13-15 || total
---------------------------+-------+-------+-------+-------+-------++-------
  Melee: Unarmed           |    34 |   194 |   196 |   426 |   308 ||  1158
         Punch             |       |     4 |     7 |    38 |    21 ||    70
  Throw: Large rock        |       |       |    10 |     9 |     3 ||    22
         Javelin           |       |       |       |    13 |     7 ||    20
         Boomerang         |       |       |       |     5 |       ||     5
         Dart              |       |       |       |     5 |       ||     5
 Invoke: Berserk           |     1 |     3 |     6 |    13 |     8 ||    31
         Trog's Hand       |       |       |     3 |     5 |     3 ||    11
         Brothers in Arms  |       |       |       |       |     2 ||     2
  Evoke: Wand              |       |       |       |       |    17 ||    17
    Use: Scroll            |       |       |       |    18 |     2 ||    20
         Potion            |       |       |       |     7 |     3 ||    10
   Stab: Sleeping          |       |     3 |     3 |       |     1 ||     7
         Distracted        |       |       |     1 |       |       ||     1
 Armour: Animal skin       |     4 |    72 |    23 |       |       ||    99
         Swamp dragon scal |       |       |    16 |   192 |   154 ||   362
  Dodge: Dodged            |    11 |    64 |   106 |   306 |   206 ||   693
